 Dungeon Crawl Stone Soup version 0.30.0-13-g156ef70053 (webtiles) character file.

Game seed: 17633163110656215208

7 SnakkuSnakku7 the Shooter (level 2, 0/16 HPs)
             Began as a Tengu Hexslinger on May 17, 2023.
             Frozen to death by an endoplasm (2 damage)
             ... on level 1 of the Dungeon.
             The game lasted 00:00:31 (359 turns).

SnakkuSnakku7 the Shooter (Tengu Hexslinger)         Turns: 359, Time: 00:00:32

Health: 0/16       AC:  2    Str: 10    XL:     2   Next: 4%
Magic:  2/4        EV: 12    Int: 13    God:
Gold:   31         SH:  0    Dex: 14    Spells: 2/3 levels left

rFire   . . .        a - +1 sling
rCold   . . .        (no shield)
rNeg    . . .        c - +0 robe
rPois   .            (helmet restricted)
rElec   .            (no cloak)
rCorr   .            (no gloves)
SInv    .            (boots unavailable)
Will    .....        (no amulet)
Stlth   +            (no ring)
HPRegen 0.22/turn    (no ring)
MPRegen 0.09/turn

%: no passive effects
@: no status effects
A: beak, talons 3
a: no special abilities


You were on level 1 of the Dungeon.
You visited 1 branch of the dungeon, and saw 1 of its levels.

You collected 31 gold pieces.

Inventory:

Hand Weapons
 a - a +1 sling (weapon)
Armour
 c - a +0 robe (worn)
Scrolls
 b - a scroll of poison
 d - a scroll of brand weapon {unknown}
 g - a scroll of enchant weapon {unknown}
Potions
 e - a potion of degeneration {unknown}
 f - 2 potions of heal wounds {unknown}


   Skills:
 - Level 1.0 Fighting
 + Level 3.0 Ranged Weapons
 - Level 2.1 Dodging
 - Level 1.0 Spellcasting
 - Level 2.1 Hexes


You had 2 spell levels left.
You knew the following spells:

 Your Spells              Type           Power      Damage    Failure   Level
a - Slow                  Hex            24%        N/A       12%         1

Your spell library contained the following spells:

 Spells                   Type           Power      Damage    Failure   Level
 Inner Flame              Hex/Fire       3%         N/A       47%         3
 Portal Projectile        Hex/Tloc       6%         N/A       47%         3
 Cause Fear               Hex            3%         N/A       75%         4


Dungeon Overview and Level Annotations

Branches:
Dungeon (1/15)

Altars:


Innate Abilities, Weirdness & Mutations

You have a beak for a mouth.
You have claws for feet.


Message History

The bat hits you but does no damage. The bat hits you. The bat misses you.
You shoot a sling bullet. The sling bullet misses the bat.
The bat hits you.
You shoot a sling bullet. The sling bullet hits the bat.
You kill the bat!
Your Ranged Weapons skill increases to level 3!
You have reached level 2!
You see here a bat corpse.
You see here a +0 hand axe.
An endoplasm comes into view.
Found 6 stones.
An endoplasm is nearby!
You shoot a sling bullet.
The sling bullet hits the endoplasm but does no damage.
The endoplasm freezes you.
You are frozen.
You shoot a sling bullet.
The sling bullet barely misses the endoplasm.
The endoplasm closely misses you.
You shoot a sling bullet. The sling bullet hits the endoplasm.
The endoplasm is almost dead.
The endoplasm freezes you.
You are frozen.
You are too injured to fight recklessly!
You are too injured to fight recklessly!
You are too injured to fight recklessly!
You are too injured to fight recklessly!
Aiming: Slow (safe; 12% risk of failure)
Press: ? - help, Q - select action, (/) - cycle Shift-Dir - straight line, f/p - endoplasm
Aim: an endoplasm (almost dead, chance to affect: 57%)
The endoplasm seems to slow down.
The endoplasm freezes you.
You are frozen.
* * * LOW HITPOINT WARNING * * *
Aiming: Slow (safe; 12% risk of failure)
Press: ? - help, Q - select action, (/) - cycle Shift-Dir - straight line, f/p - endoplasm
Aim: an endoplasm (almost dead, slow, chance to affect: 57%)
The endoplasm seems to slow down.
The endoplasm freezes you.
You are frozen.
You die...

...............#.####......[..)..
......#........#..........#..####
......#........#####...##.#..#
......#........# #...##.#..#
......#........# #......#..#
#######........# #÷#....#..# #
#........# #.###.##..# +
.........#####÷###.....# #
...>.##+#.@............# #
#J####.######### # #. #.# #(
#.##### #. #.....### #. +........
#. #......## #. #.#.##.# #.#.# #


You could see an endoplasm (slow).

Vanquished Creatures
  A bat (D:1)
  3 jackals (D:1)
  A frilled lizard (D:1)
  2 kobolds (D:1)
7 creatures vanquished.

Notes
Turn   | Place    | Note
-------+----------+-------------------------------------------
     0 | D:1      | SnakkuSnakku7 the Tengu Hexslinger began the quest for the
                  | Orb.
     0 | D:1      | Reached XP level 1. HP: 12/12 MP: 3/3
   314 | D:1      | Reached skill level 3 in Ranged Weapons
   314 | D:1      | Reached XP level 2. HP: 13/16 MP: 4/4
   359 | D:1      | Frozen to death by an endoplasm

Illustrated notes

Levels and vault maps discovered:
D:1:      minmay_arrival_cross, layout_basic

Skill      XL: |  1 |
---------------+----+-----
Ranged Weapons | 3 |  3.0
Fighting       | |  1.0
Dodging        | |  2.1
Spellcasting   | |  1.0
Hexes          | |  2.1

Action                     || total
---------------------------++-------
   Fire: Sling             ||    21
   Cast: Slow              ||     2
 Armour: Robe              ||     1
  Dodge: Dodged            ||     9
